 Dungeon Crawl Stone Soup version 0.23-a0-175-g97aacdb306 (webtiles) character file.

159 Holzbalken the Cudgeler (level 5, -1/38 HPs)
             Began as a Demonspawn Gladiator on Sept 16, 2018.
             Slain by an orc priest
             ... wielding a +0 whip
              (4 damage)
             ... on level 5 of the Dungeon.
             The game lasted 00:03:04 (505 turns).

Holzbalken the Cudgeler (Demonspawn Gladiator)       Turns: 505, Time: 00:03:05

Health: -1/38      AC:  8    Str: 16    XL:     5   Next: 17%
Magic:  5/5        EV: 12    Int:  9    God:
Gold:   53         SH:  0    Dex: 14    Spells: 4/4 levels left

rFire    . . .     SeeInvis .   a - +0 flail
rCold    . . .     Gourm    .   (no shield)
rNeg     . . .     Faith    .   b - +0 leather armour
rPois    .         Spirit   .   c - +0 helmet
rElec    .         Reflect  .   (no cloak)
rCorr    .         Harm     .   (no gloves)
MR       .....     Rnd*Tele +   (no boots)
Stlth    +.........             (no amulet)
HPRegen  0.12/turn              i - ring of teleportation (curse)
MPRegen  0.09/turn              (no ring)

@: no status effects
A: iridescent scales 2, demonic guardian 1
a: no special abilities


You were on level 5 of the Dungeon.
You were not hungry.

You visited 1 branch of the dungeon, and saw 5 of its levels.

You collected 53 gold pieces.

Inventory:

Hand Weapons
 a - a +0 flail (weapon)
Missiles
 d - 3 throwing nets (quivered)
Armour
 b - a +0 leather armour (worn)
 c - a +0 helmet (worn)
Jewellery
 i - a cursed ring of teleportation (left hand)
 j - a cursed amulet of inaccuracy {unknown}
Scrolls
 e - a scroll of random uselessness {unknown}
 h - a scroll of fog {unknown}
Potions
 g - 2 potions of curing {unknown}
Comestibles
 f - 3 rations


   Skills:
 - Level 2.0 Fighting
 + Level 5.4 Maces & Flails
 - Level 1.7 Throwing
 - Level 2.6 Dodging


You had 4 spell levels left.
You didn't know any spells.
Your spell library was empty.

Dungeon Overview and Level Annotations

Branches:
Dungeon (5/15)
 Temple: D:4-7

Altars:


Innate Abilities, Weirdness & Mutations

You are mostly covered in iridescent scales. (AC +4)
A weak demonic guardian rushes to your aid.


Message History

Your quasit barely misses the orc wizard. x3
The orc priest hits you but does no damage.
The orc wizard hits your quasit with a dagger.
Your quasit bites the orc wizard but does no damage.
Your quasit misses the orc wizard.
Your quasit claws the orc wizard.
You hit the orc priest.
The orc priest is moderately wounded.
You feel less confused.
The orc priest mumbles some strange prayers to Beogh against you.
Pain shoots through your body!
* * * LOW HITPOINT WARNING * * *
Your quasit bites the orc wizard.
Your quasit claws the orc wizard but does no damage.
Your quasit claws the orc wizard.
The orc wizard hits your quasit with a dagger.
Okay, then.
As you read the scroll labeled DODEAVV WIECW, it crumbles to dust.
The creatures around you are filled with an inner flame!
It was a scroll of immolation.
The orc priest hits you with a whip.
You die...

... .#. .. .#.# ... #.#
###.... #.. ...
...#.##### #...
#.##.##.#.... ##...#####
#....##.#.... ......?..
#.....#.#....
......5.#######.(.......
.....oo@...#....#..#....
.....o####.#.####.##....
.#... #.#.####.##....
#.5 #...#....))#### #.
#####.##.#.# # ..
#ยง##.#.#### #
#.##.)...## #.####.#.##
#.####...<.


You could see an orc priest (inner flame), 2 orc wizards, a crimson imp (inner
flame) and a friendly quasit.

Vanquished Creatures
  A hound (D:5)
  A leopard gecko (D:1)
  An orc (D:5)
  A giant cockroach (D:1)
  3 goblins (D:1)
  A hobgoblin (D:1)
  A jackal skeleton (D:4)
  4 kobolds
  3 rats (D:1)
16 creatures vanquished.

Vanquished Creatures (collateral kills)
  An ogre (D:5)
  A big kobold (D:5)
  A hound (D:5)
3 creatures vanquished.

Grand Total: 19 creatures vanquished

Notes
Turn   | Place    | Note
-------+----------+-------------------------------------------
     0 | D:1      | Holzbalken the Demonspawn Gladiator began the quest for the
                  | Orb.
     0 | D:1      | Reached XP level 1. HP: 16/16 MP: 1/1
   232 | D:1      | Reached skill level 3 in Maces & Flails
   238 | D:1      | Gained mutation: A weak demonic guardian rushes to your
                  | aid. [demonic ancestry]
   238 | D:1      | Reached XP level 2. HP: 13/22 MP: 2/2
   419 | D:5      | Entered Level 5 of the Dungeon
   430 | D:5      | Noticed an ogre
   436 | D:5      | Killed an ogre
   436 | D:5      | Reached skill level 4 in Maces & Flails
   436 | D:5      | Gained mutation: You are partially covered in iridescent
                  | scales. (AC +2) [demonic ancestry]
   436 | D:5      | Reached XP level 3. HP: 16/27 MP: 3/3
   436 | D:5      | Gained mutation: You are mostly covered in iridescent
                  | scales. (AC +4) [demonic ancestry]
   436 | D:5      | Reached XP level 4. HP: 19/33 MP: 4/4
   461 | D:5      | Reached skill level 5 in Maces & Flails
   461 | D:5      | Noticed a big kobold
   471 | D:5      | Killed a big kobold
   471 | D:5      | Reached XP level 5. HP: 24/38 MP: 5/5
   505 | D:5      | Slain by an orc priest

Vault maps used:
D:1:      nzn_arrival_settlement, amethyst_killhole, minmay_vboxes
D:2:      uniq_crazy_yiuf_cottage
D:3:      marbit_many_paths, nicolae_ru_awakened_eye, uniq_natasha
D:4:      first_ration, uniq_ijyb
D:5:      uniq_grinder

Skill      XL: |  1  2  3  4 |
---------------+-------------+-----
Maces & Flails | 3 4 5 |  5.4
Fighting       | |  2.0
Throwing       | |  1.7
Dodging        | |  2.6

Action                   |  1- 3 |  4- 6 || total
-------------------------+-------+-------++-------
Melee: Flail             |    40 |    17 ||    57
  Use: Scroll            |       |     1 ||     1
Armor: Leather armour    |    13 |     4 ||    17
Dodge: Dodged            |    27 |     9 ||    36

Table legend:
 A = Non-vault XP
 B = Vault XP
 C = Vault XP percentage of total XP
 D = Non-vault monster count
 E = Vault monster count
 F = Vault count percentage of total count
                 A         B        C        D         E       F
            +---------+---------+-------+---------+---------+-------
      Total |     223 |       5 |   2.2 |      16 |       3 |  15.8
            +---------+---------+-------+---------+---------+-------
        D:1 |      12 |       5 |  29.4 |       7 |       3 |  30.0
        D:4 |       1 |       0 |   0.0 |       1 |       0 |   0.0
        D:5 |     210 |       0 |   0.0 |       8 |       0 |   0.0
            +---------+---------+-------+---------+---------+-------
